Map: Dash and Terminal LE (Void)

Players

Fawxkitteh

  • Race: Protoss Protoss
  • League: Silver

SticklerMac - Winner!

  • Race: Zerg Zerg
  • League: Silver

VOD

Have the link to the VOD?

Description

Time

  • Played on: Sept. 13, 2015, 6:24 p.m.
  • Length: 4:28
Show
View Real Time Build Order
Export as new Build Order

Fawxkitteh Protoss 

Build Orders:  

Get SALT Encoding   

  12  0:12  Probe (Chrono Boost)  
  13  0:16  Pylon  
  13  0:22  Probe (Chrono Boost)  
  14  0:32  Probe (Chrono Boost)  
  15  0:36  Gateway  
  15  0:45  Probe (Chrono Boost)  
  16  0:56  Gateway  
  16  0:58  Probe (Chrono Boost)  
  17  1:07  Pylon  
  17  1:22  Assimilator  
  17  1:34  Cybernetics Core  
  17  1:39  Zealot  
  19  1:42  Gateway  
  19  1:50  Zealot  
  19  1:51  Probe (Chrono Boost)  
  22  2:11  Probe (Chrono Boost)  
  22  2:14  Adept  
  26  2:25  Stalker  
  26  2:39  Zealot  
  26  2:40  Assimilator  
  28  2:55  Nexus  
  28  3:11  Adept  
  30  3:19  Adept  
  30  3:40  Pylon  
  30  3:41  Nexus  
  30  3:54  Adept (Chrono Boost)  
  35  4:03  Adept x2 (Chrono Boost)  
Show
View Real Time Build Order
Export as new Build Order

SticklerMac Zerg - Winner!

Build Orders: Pool First 

Get SALT Encoding   

  12  0:01  Drone  
  13  0:08  Drone  
  13  0:14  Extractor  
  13  0:16  Drone  
  14  0:34  Spawning Pool  
  13  0:37  Drone  
  14  0:54  Overlord  
  14  1:17  Drone x3  
  17  1:22  Queen  
  19  1:31  Metabolic Boost  
  19  1:37  Drone  
  20  2:06  Hatchery  
  19  2:14  Zergling x4  
  19  2:15  Zergling x2  
  22  2:34  Overlord x3  
  22  2:35  Overlord  
  22  2:52  Queen  
  24  3:03  Zergling x2  
  24  3:04  Zergling x8  
  29  3:16  Zergling x2  
  29  3:27  Zergling x4  
  30  3:28  Queen  
  32  3:37  Zergling x8  
  36  3:44  Zergling x2  
  37  3:59  Zergling x6  
  36  4:08  Zergling x2  
  36  4:09  Zergling x6  
Tags
 
Add a new tag
Caveats
  • Supply blocks, unpowered buildings, or Contaminate may cause inaccurate times.
  • Supply counts are checked every 10 seconds.